Map: Eastwatch LE

Players

GreenTea - Winner!

  • Race: Terran Terran
  • League: Diamond
  • Spawn Location: 7:00

Mitch

  • Race: Zerg Zerg
  • League: Diamond
  • Spawn Location: 1:00

VOD

https://youtu.be/1HGSqp0mT0w

Description

Heavy emphasize on liberator harass

Time

  • Played on: April 4, 2018, 2:15 p.m.
  • Length: 8:35
Show
View Real Time Build Order
Export as new Build Order

GreenTea Terran - Winner!

Build Orders: Liberator Opening, Reaper Expand 

Get SALT Encoding   

  12  0:00  SCV  
  13  0:13  SCV  
  14  0:17  Supply Depot  
  14  0:25  SCV  
  15  0:38  SCV  
  15  0:39  Barracks  
  16  0:44  Refinery  
  16  0:50  SCV  
  17  1:02  SCV  
  18  1:15  SCV  
  19  1:27  Orbital Command  
  19  1:28  Reaper  
  20  1:40  Command Center  
  20  1:50  Supply Depot  
  20  1:52  SCV  
  21  2:01  Barracks Reactor  
  21  2:05  SCV  
  22  2:17  SCV  
  22  2:22  Factory  
  23  2:28  Refinery  
  23  2:32  SCV  
  24  2:41  Marine x2  
  27  2:44  SCV  
  27  2:51  Orbital Command  
  27  2:55  Supply Depot  
  27  3:03  SCV  
  28  3:06  Starport  
  28  3:15  Hellion x2  
  32  3:20  Supply Depot  
  32  3:21  SCV x2  
  32  3:23  Refinery  
  32  3:26  Barracks Tech Lab  
  34  3:30  Liberator  
  34  3:47  Marine  
  38  3:49  Hellion x2  
  38  3:51  SCV  
  43  4:03  SCV  
  43  4:05  Marine  
  45  4:10  Hellion x2  
  45  4:16  SCV  
  45  4:17  SCV  
  51  4:22  Stimpack  
  50  4:33  Hellion x2  
  54  4:41  Command Center  
  54  4:46  Supply Depot  
  56  5:09  Liberator  
  56  5:10  Liberator  
  52  5:17  SCV x2  
  52  5:18  Factory Tech Lab  
  52  5:19  Refinery  
  54  5:23  Engineering Bay  
  54  5:24  Engineering Bay  
  54  5:28  Barracks x2  
  60  5:29  SCV x2  
  62  5:52  Liberator x2  
  62  6:07  Orbital Command, Siege Tank  
  62  6:09  SCV x2  
  62  6:10  Marine  
  71  6:16  Ghost Academy  
  71  6:28  Marine  
  71  6:31  Barracks Reactor  
  72  6:35  Barracks Reactor  
  72  6:49  Marine  
  72  6:50  Siege Tank  
  72  6:52  Medivac x2  
  80  7:04  SCV x3  
  83  7:15  Marine x2  
  85  7:25  Supply Depot  
  85  7:26  Supply Depot  
  85  7:27  Supply Depot, Marine x3  
  85  7:28  Siege Tank  
  91  7:43  Marine x2  
  93  7:45  Marine  
  93  7:47  SCV x3  
  88  8:15  Marine x4  
  88  8:16  Marine  
Show
View Real Time Build Order
Export as new Build Order

Mitch Zerg 

Build Orders: Hatch First 

Get SALT Encoding   

  12  0:01  Drone  
  13  0:08  Drone  
  14  0:17  Overlord  
  14  0:35  Drone x3  
  17  0:55  Hatchery, Drone  
  17  1:08  Spawning Pool  
  16  1:11  Extractor  
  16  1:12  Drone  
  16  1:16  Drone  
  17  1:20  Drone  
  18  1:29  Drone  
  19  1:40  Overlord  
  19  1:53  Drone  
  20  1:55  Queen  
  20  2:01  Drone  
  23  2:07  Queen, Drone  
  26  2:11  Metabolic Boost  
  26  2:15  Zergling x2  
  27  2:17  Drone  
  29  2:22  Drone  
  29  2:28  Drone  
  30  2:43  Drone x2  
  32  2:46  Queen  
  32  2:47  Overlord  
  34  2:53  Drone  
  34  2:54  Drone  
  36  3:01  Overlord  
  36  3:05  Drone  
  36  3:06  Drone x2  
  36  3:11  Drone x2  
  41  3:17  Drone  
  41  3:18  Drone x2  
  44  3:26  Drone x2  
  45  3:43  Roach Warren  
  44  3:49  Extractor  
  44  3:51  Extractor  
  44  3:53  Evolution Chamber  
  42  3:55  Zergling x2  
  42  3:56  Zergling x14  
  49  4:09  Evolution Chamber  
  48  4:13  Drone x3  
  48  4:14  Drone  
  52  4:31  Lair  
  52  4:32  Overlord  
  52  4:33  Overlord  
  52  4:50  Hatchery  
  52  4:52  Roach x2  
  49  4:53  Roach x5  
  57  5:04  Drone  
  57  5:06  Baneling Nest, Extractor, Drone  
  57  5:07  Drone  
  57  5:10  Drone x2  
  57  5:11  Drone x3  
  63  5:17  Zerg Missile Weapons Level 1  
  63  5:19  Zerg Ground Armor Level 1  
  63  5:29  Drone x2  
  62  5:47  Spore Crawler  
  55  6:09  Drone x2  
  55  6:10  Drone  
  55  6:11  Drone  
  55  6:12  Drone  
  57  6:22  Drone  
  57  6:23  Roach  
  57  6:24  Roach x3  
  66  6:26  Glial Reconstitution  
  66  6:32  Queen  
  68  6:47  Queen  
  70  6:55  Hydralisk Den, Drone  
  70  6:57  Centrifical Hooks  
  70  7:02  Drone x3  
  70  7:03  Spore Crawler  
  71  7:14  Spore Crawler  
  70  7:42  Spore Crawler  
  65  7:46  Hydralisk x2  
  65  7:47  Hydralisk x2  
  69  8:17  Drone x3  
  69  8:18  Drone  
Tags
 
Add a new tag
Caveats
  • Supply blocks, unpowered buildings, or Contaminate may cause inaccurate times.
  • Supply counts are checked every 10 seconds.